 Dungeon Crawl Stone Soup version 0.32-a0-338-g4f8ebfe289 (webtiles) character file.

Game seed: 14458893875500672348

75175 Bnni the Severer (level 15, -1/134 (139) HPs)
             Began as a Mountain Dwarf Fighter on Feb 17, 2024.
             Was the Champion of Beogh.
             Killed from afar by Josephine (20 damage)
             ... with a ghostly fireball
             ... on level 2 of the Orcish Mines.
             The game lasted 00:45:56 (18283 turns).

Bnni the Severer (Mountain Dwarf Fighter)          Turns: 18283, Time: 00:45:57

HP:   -1/134 (139)  AC: 20    Str: 26    XL:     15   Next: 8%
MP:   0/32          EV: 14    Int:  9    God:    Beogh [******]
Gold: 1759          SH: 18    Dex:  9    Spells: 14/14 levels left

rFire   . . .        c - +0 broad axe (flame)
rCold   + . .        v - +0 tower shield
rNeg    . . .        N - +0 swamp dragon scales
rPois   +            d - +1 helmet
rElec   .            a - +1 cloak "Cuepp" {rC+ Stlth+}
rCorr   .            y - +2 pair of gloves
SInv    .            B - +2 pair of boots
Will    +....        F - amulet of guardian spirit
Stlth   +            J - ring of magical power
HPRegen 0.42/turn    G - +5 ring of evasion
MPRegen 0.23/turn

%: guardian spirit
@: marked, lightly drained
A: walk on water, runic magic, artefact enchanting
a: Renounce Religion, Smiting, Recall Apostles, Blood for Blood, Dismiss
Bogbrand, warrior, Dismiss Morun, priest, Dismiss Jorge, wizard


You were on level 2 of the Orcish Mines.
You worshipped Beogh.
Beogh was exalted by your worship.
You visited 3 branches of the dungeon, and saw 19 of its levels.

You collected 1811 gold pieces.
You spent 52 gold pieces at shops.

Inventory:

Hand Weapons
 c - a +0 broad axe of flaming (weapon)
 n - a +2 trident of freezing
Missiles
 r - 14 poisoned darts
Armour
 a - the +1 cloak "Cuepp" (worn) {rC+ Stlth+}
   (You found it on level 2 of the Lair of Beasts)

   rC+:       It protects you from cold.
   Stlth+:    It makes you more stealthy.
 d - a +1 helmet (worn)
 v - a +0 tower shield (worn)
 y - a +2 pair of gloves (worn)
 B - a +2 pair of boots (worn)
 N - +0 swamp dragon scales (worn)
Jewellery
 g - a ring of see invisible
 h - a ring of resist corrosion
 E - a ring of protection from cold
 F - an amulet of guardian spirit (around neck)
 G - a +5 ring of evasion (right hand)
 J - a ring of magical power (left hand)
 U - a ring of ice
Wands
 o - a wand of charming (6)
 K - a wand of mindburst (9)
 P - a wand of flame (9)
 R - a wand of roots (4)
 S - a wand of polymorph (2)
Scrolls
 b - 2 scrolls of immolation
 e - 4 scrolls of poison
 f - 2 scrolls of blinking
 j - 3 scrolls of amnesia
 k - 7 scrolls of teleportation {unknown}
 m - a scroll of brand weapon
 q - 2 scrolls of enchant armour
 x - 4 scrolls of acquirement
 D - a scroll of enchant weapon {unknown}
 I - 6 scrolls of fear
 L - a scroll of butterflies {unknown}
 T - 3 scrolls of vulnerability {unknown}
Potions
 i - 8 potions of curing
 l - 2 potions of degeneration {unknown}
 s - 3 potions of cancellation {unknown}
 t - 2 potions of attraction {unknown}
 u - a potion of lignification {unknown}
 w - 3 potions of mutation
 z - a potion of haste {unknown}
 A - 2 potions of might
 C - 2 potions of magic {unknown}
 H - 2 potions of heal wounds
 M - 3 potions of brilliance {unknown}
 O - 2 potions of enlightenment {unknown}
 V - 3 potions of invisibility {unknown}


   Skills:
 + Level 14.9 Fighting
 - Level 18.0 Axes
 + Level 7.5 Armour
 * Level 16.9 Shields
 + Level 10.6 Invocations


You had 14 spell levels left.
You didn't know any spells.
Your spell library contained the following spells:

 Spells                   Type           Power      Damage    Failure   Level
 Magic Dart               Conj           0%         1d3       65%         1
 Summon Small Mammal      Summ           0%         N/A       65%         1
 Ensorcelled Hibernation  Hex/Ice        0%         N/A       80%         2
 Searing Ray              Conj           0%         2d4       80%         2
 Call Canine Familiar     Summ           0%         N/A       95%         3
 Fugue of the Fallen      Necr           0%         N/A       95%         3
 Inner Flame              Hex/Fire       0%         N/A       95%         3
 Ozocubu's Armour         Ice            0%         N/A       95%         3
 Passwall                 Erth           0%         N/A       95%         3
 Swiftness                Air            0%         N/A       95%         3
 Fulminant Prism          Conj/Alch      0%         3d5       100%        4
 Manifold Assault         Tloc           0%         N/A       100%        4
 Passage of Golubria      Tloc           0%         N/A       100%        4
 Summon Blazeheart Golem  Fire/Summ      0%         N/A       100%        4
 Irradiate                Conj/Alch      0%         3d11      100%        5
 Silence                  Hex/Air        0%         N/A       100%        5
 Malign Gateway           Summ/Tloc      0%         N/A       100%        7
 Ignition                 Fire           0%         3d3       100%        8
 Lehudib's Crystal Spear  Conj/Erth      0%         10d2      100%        8
 Summon Horrible Things   Summ           0%         N/A       100%        8


Dungeon Overview and Level Annotations

Branches:
Dungeon (12/15)            Temple (0/1) D:6            Lair (5/5) D:8
  Swamp (0/4) Lair:3       Spider (0/4) Lair:2        Slime (0/5) Lair:4
    Orc (1/2) D:10

Altars:
Cheibriados
Dithmenos
Elyvilon
Fedhas
Gozag
Kikubaaqudgha
Makhleb
Okawaru
Trog
Wu Jian
Xom
Yredelemnul
Zin
The Shining One
Jiyva

Shops:
D:5 :   D:8 **   Orc:2 *

Annotations:
Orc:2 Josephine


Innate Abilities, Weirdness & Mutations

You can walk on water.
Your facial features are unmistakably orcish.
Your spellcasting is much less encumbered by armour.
You can use scrolls of enchantment on lesser artefacts.


Message History

You kill the orc priest!
Beogh accepts your kill.
Beogh appreciates your killing of a heretic priest.
You hit the orc warlord. You burn the orc warlord. You closely miss the wraith.
You barely miss the orc warrior. You hit the orc knight.
You burn the orc knight.
You feel sick.
The warg bites Morun!
Morun mumbles some strange prayers to Beogh against the wraith.
The wraith is smitten.
You block Josephine's attack.
The orc warlord roars a battlecry!
The orcs go into a battle-frenzy!
An orc warrior comes into view. It is wielding a +0 hand axe.
The orc knight hits you with a +0 great sword!!
* * * LOW HITPOINT WARNING * * *
The orc warrior hits you with a +0 scimitar.
* * * LOW HITPOINT WARNING * * *
The wraith hits Morun but does no damage.
You block the wraith's attack. You block the orc high priest's attack.
The warg closely misses Morun.
Morun hits the wraith with a +1 morningstar of protection!
Unknown command.
Blink to where?
Press: ? - help, Dir - move target
Found a stone staircase leading up.
As you read the scroll of blinking, it crumbles to dust.
You feel sick.
The orc warlord roars a battlecry!
The orc warrior goes up the stairs.
You feel better.
The orc high priest no longer looks unusually strong.
The orc warlord roars a battlecry!
The orc high priest goes into a battle-frenzy!
The orc knight roars a battlecry!
The orc warlord goes into a battle-frenzy!
The orc high priest mumbles some strange prayers to Beogh.
Bogbrand is recalled.
Morun is recalled.
You feel yourself speed up.
Josephine points at you and mumbles some strange words.
The ghostly flame explodes!
The ghostly fireball engulfs you!!
You feel drained.
You die...

#P....∩.....###...#...##.....
#..P....)..P# ##......#......
#.......ßP..####..#..#......#
##............##.†............
#............##..............#
##.........)..#..........#....
#.........#...o#..#...........
.........##...##............P
## .###...)....@#...........P.
##.###...................#..
..............o..#.#......
o......#.........##.......
.................)....
#.........Wo.o.h... ....
.#...)...o.o.@..... .o.
.....$†..$.o.W..... ..<
.........).)......


You could see an orc warlord (strong), Josephine (ally target), an orc knight
(strong), an orc high priest (strong), 2 wraiths, a warg, 2 orc warriors, a
neutral orc wizard (wandering), the friendly Bogbrand the orc apostle and the
friendly Morun the orc apostle.

Vanquished Creatures
  Rupert (D:12)
  An orc warlord (Orc:1)
  An ettin (Orc:1)
  Erolcha (D:9)
  An ice dragon (Lair:5)
  4 hydras
  A catoblepas (Lair:2)
  2 death yaks (Lair:4)
  2 slime creatures (D:11)
  An orc knight (Orc:2)
  Pikel (D:5)
  A deep elf pyromancer (D:12)
  A lindwurm (Lair:5)
  2 ugly things
  A manticore (D:7)
  8 elephants
  An orc sorcerer (Orc:2)
  Maurice (D:12)
  3 black mambas
  Maggie (D:10)
  5 cane toads
  Jeremiah (Lair:1)
  2 kobold demonologists
  3 rime drakes
  7 komodo dragons
  4 trolls
  A hellwing (Lair:5)
  8 polar bears
  4 blink frogs
  A vampire (D:12)
  A wraith (Orc:2)
  2 basilisks
  30 yaks
  5 wyverns
  4 wargs
  A redback (Lair:2)
  A steam dragon (Lair:5)
  Grum (Lair:1)
  3 vampire mosquitoes (D:12)
  8 water moccasins
  2 acid dragons (D:11)
  5 hell hounds (Lair:5)
  3 orc warriors
  9 black bears
  8 ice beasts
  2 swamp drakes (Lair:5)
  2 sky beasts
  An ogre (Orc:2)
  15 wolves
  3 centaurs
  A lemure (D:5)
  A phantom (D:4)
  A kobold brigand (D:7)
  2 gnoll sergeants
  7 bullfrogs
  3 scorpions
  8 wights
  14 killer bees (D:9)
  8 electric eels
  2 howler monkeys (D:7)
  5 orc priests
  4 hounds
  3 jellies
  A sleepcap (D:8)
  5 iguanas
  3 orc wizards
  12 gnolls
  10 adders
  A white imp (D:6)
  2 ufetubi (D:6)
  3 ribbon worms
  2 dart slugs
  16 orcs
  8 ball pythons
  8 endoplasms
  3 giant cockroaches
  3 goblins
  4 hobgoblins
  7 jackals
  5 quokkas
  4 bats
  3 frilled lizards
  17 kobolds
  6 rats
359 creatures vanquished.

Vanquished Creatures (collateral kills)
  Jorgrun (D:12)
  Fannar (Lair:2)
  5 hydras
  2 boulder beetles (Lair:5)
  A death yak (Lair:4)
  Urug (D:10)
  A hell hog (Lair:5)
  4 skysharks
  Nergalle (Lair:1)
  A bog body (Lair:3)
  A swamp dragon (Lair:5)
  A lindwurm (Lair:4)
  An oklob plant (Lair:5)
  An orc sorcerer (Orc:2)
  7 elephants
  A kobold blastminer (Orc:2)
  7 black mambas
  10 cane toads
  5 komodo dragons
  An unseen horror (D:12)
  3 rime drakes
  4 polar bears (Lair:5)
  8 blink frogs
  A slime creature (D:11)
  2 wraiths
  A culicivora (Lair:2)
  20 yaks
  2 basilisks (Lair:5)
  A warg (Orc:2)
  4 vampire mosquitoes (D:12)
  A steam dragon (Lair:5)
  2 acid dragons
  10 water moccasins
  12 hell hounds (Lair:5)
  2 orc warriors
  2 swamp drakes (Lair:5)
  4 black bears (Lair:5)
  2 ogres
  17 wolves
  4 bullfrogs
  2 killer bees (D:9)
  An electric eel (Lair:3)
  An orc priest (Orc:1)
  An iguana (Lair:5)
  An orc (D:12)
  3 kobolds (D:11)
164 creatures vanquished.

Vanquished Creatures (others)
  2 orc apostles
  A rime drake (Lair:5)
  A warg (Lair:5)
  6 orc warriors
  An orc priest (Orc:1)
  5 orcs
16 creatures vanquished.

Grand Total: 539 creatures vanquished

Notes
Turn   | Place    | Note
-------+----------+-------------------------------------------
     0 | D:1      | Bnni the Mountain Dwarf Fighter began the quest for the
                  | Orb.
     0 | D:1      | Reached XP level 1. HP: 19/19 MP: 1/1
   171 | D:1      | Reached skill level 3 in Axes
   175 | D:1      | Reached XP level 2. HP: 26/26 MP: 2/2
   596 | D:1      | Reached XP level 3. HP: 33/33 MP: 3/3
   698 | D:1      | Reached skill level 4 in Axes
  1287 | D:2      | Reached XP level 4. HP: 34/40 MP: 4/4
  1407 | D:2      | Found a faded altar of an unknown god.
  1585 | D:2      | Reached skill level 5 in Axes
  1640 | D:2      | Reached XP level 5. HP: 47/47 MP: 5/5
  1957 | D:3      | You fall into a shaft and drop 1 floor!
  1990 | D:4      | Reached skill level 5 in Fighting
  1990 | D:4      | Reached skill level 6 in Axes
  2053 | D:4      | Identified the +8 dagger of Kamouv {freeze, rElec Int+3
                  | Dex+4}
  2114 | D:3      | Became a worshipper of Beogh the Shepherd
  2139 | D:3      | Reached XP level 6. HP: 56/56 MP: 6/6
  2238 | D:3      | Found a burning altar of Makhleb.
  2426 | D:3      | Found a white marble altar of Elyvilon.
  3031 | D:4      | Found a blossoming altar of Fedhas.
  3050 | D:4      | Reached skill level 7 in Axes
  3348 | D:5      | Entered Level 5 of the Dungeon
  3447 | D:5      | Found Idudot's Tiny Tomes.
  3487 | D:5      | Found a glowing golden altar of the Shining One.
  3563 | D:5      | Reached XP level 7. HP: 61/62 MP: 7/7
  3591 | D:5      | Reached * piety under Beogh
  3750 | D:5      | Found an opulent altar of Gozag.
  3767 | D:5      | Reached skill level 8 in Axes
  3852 | D:5      | Noticed Pikel
  3886 | D:5      | Killed Pikel
  3887 | D:5      | Reached skill level 9 in Axes
  3887 | D:5      | Reached XP level 8. HP: 40/71 MP: 8/8
  4232 | D:5      | Reached skill level 10 in Axes
  4810 | D:6      | Found a staircase to the Ecumenical Temple.
  5419 | D:7      | Reached skill level 11 in Axes
  5586 | D:7      | Found an iron altar of Okawaru.
  5587 | D:7      | Found a basalt altar of Yredelemnul.
  5590 | D:7      | Found a shadowy altar of Dithmenos.
  5598 | D:7      | Found a snail-covered altar of Cheibriados.
  5636 | D:7      | Reached XP level 9. HP: 81/81 MP: 9/9
  5954 | D:7      | Noticed a manticore
  6140 | D:7      | Killed a manticore
  6141 | D:7      | Reached skill level 12 in Axes
  6141 | D:7      | Reached skill level 5 in Shields
  6645 | D:8      | Found a staircase to the Lair.
  6645 | D:8      | Noticed a rime drake
  6653 | D:8      | Reached skill level 13 in Axes
  6656 | D:8      | Killed a rime drake
  6712 | D:8      | Noticed a polar bear
  6735 | D:7      | Reached ** piety under Beogh
  6742 | D:7      | Reached XP level 10. HP: 70/91 MP: 7/10
  7471 | D:8      | Found a bloodstained altar of Trog.
  7554 | D:8      | Found Etsioz's General Store.
  7556 | D:8      | Found Huynes's Specific Store.
  7564 | D:8      | Bought a scroll of fear for 52 gold pieces
  8020 | D:9      | Reached skill level 14 in Axes
  8028 | D:9      | Reached skill level 10 in Fighting
  8184 | D:9      | Noticed Erolcha
  8264 | D:9      | Found an ancient bone altar of Kikubaaqudgha.
  8429 | D:9      | Killed Erolcha
  8643 | D:9      | Reached *** piety under Beogh
  8654 | D:9      | Reached skill level 15 in Axes
  8662 | D:9      | Identified the +8 halberd of Awnoubyq {drain, *Corrode rF+
                  | Int+4}
  8671 | D:9      | Anointed Bogbrand the warrior as your apostle
  8887 | D:9      | Found a shimmering altar of Xom.
  9114 | D:10     | Entered Level 10 of the Dungeon
  9147 | D:10     | Noticed Norbak
  9154 | D:10     | Anointed Norbak the wizard as your apostle
  9238 | D:10     | Reached XP level 11. HP: 99/100 MP: 11/11
  9427 | D:10     | Noticed Maggie
  9438 | D:10     | Killed Maggie
  9632 | D:10     | Found a staircase to the Orcish Mines.
  9821 | D:10     | Noticed Urug
  9826 | D:10     | Killed Urug
  9962 | D:10     | Found a glowing silver altar of Zin.
 10066 | D:11     | Noticed a brown ugly thing
 10073 | D:11     | Killed a brown ugly thing
 10073 | D:11     | Reached **** piety under Beogh
 10074 | D:11     | Reached skill level 16 in Axes
 10464 | D:11     | Found an ornate altar of the Wu Jian Council.
 10922 | D:12     | Reached skill level 10 in Shields
 10985 | D:12     | Noticed Rupert
 10991 | D:12     | Your ally Norbak died
 10998 | D:12     | Killed Rupert
 11507 | D:12     | Noticed Jorgrun
 11507 | D:12     | Noticed a deep elf pyromancer
 11511 | D:12     | Noticed a purple ugly thing
 11511 | D:12     | Noticed Maurice
 11518 | D:12     | Killed Jorgrun
 11519 | D:12     | Reached skill level 17 in Axes
 11519 | D:12     | Reached XP level 12. HP: 23/111 MP: 2/12
 11528 | D:12     | Killed Maurice
 11994 | Lair:1   | Entered Level 1 of the Lair of Beasts
 11998 | Lair:1   | Noticed Grum
 12009 | Lair:1   | Killed Grum
 12019 | Lair:1   | Noticed Nergalle
 12030 | Lair:1   | Killed Nergalle
 12030 | Lair:1   | Reached ***** piety under Beogh
 12033 | Lair:1   | Noticed Jeremiah
 12051 | Lair:1   | Killed Jeremiah
 12193 | Lair:1   | Reached skill level 1 in Invocations
 12502 | Lair:1   | Noticed Morun
 12512 | Lair:1   | Anointed Morun the priest as your apostle
 12715 | Lair:2   | Reached skill level 18 in Axes
 12774 | Lair:2   | Noticed Fannar
 12780 | Lair:2   | Killed Fannar
 13055 | Lair:2   | Reached XP level 13. HP: 119/119 MP: 15/15
 13350 | Lair:2   | Identified the +1 cloak "Cuepp" {rC+ Stlth+}
 13396 | Lair:2   | Found a hole to the Spider Nest.
 13624 | Lair:2   | Reached skill level 5 in Invocations
 13709 | Lair:2   | Identified the +11 dagger of Zigh {elec, rC+}
 14477 | Lair:3   | Found a staircase to the Swamp.
 14846 | Lair:4   | Found a staircase to the Slime Pits.
 14846 | Lair:4   | Found a viscous altar of Jiyva.
 14901 | Lair:4   | Reached ****** piety under Beogh
 15105 | Lair:4   | Reached XP level 14. HP: 130/130 MP: 19/19
 15108 | Lair:4   | Reached skill level 15 in Shields
 15193 | Lair:4   | Reached skill level 5 in Armour
 16053 | Lair:5   | Entered Level 5 of the Lair of Beasts
 16209 | Lair:5   | Anointed Jorge the wizard as your apostle
 16760 | Lair:5   | Identified the maw talisman of Gehenna {+Blink rPois Int+3
                  | Dex+4}
 16965 | Lair:5   | Reached skill level 10 in Invocations
 17324 | Lair:5   | Identified 4 scrolls of acquirement
 18097 | Orc:1    | Entered Level 1 of the Orcish Mines
 18097 | Orc:1    | Noticed an orc warlord
 18111 | Orc:1    | Your ally Jorge died
 18115 | Orc:1    | Killed an orc warlord
 18148 | Orc:1    | Reached XP level 15. HP: 130/139 MP: 22/22
 18188 | Orc:1    | You fall into a shaft and drop 1 floor!
 18188 | Orc:2    | Entered Level 2 of the Orcish Mines
 18220 | Orc:2    | Found Woarch's General Store.
 18262 | Orc:2    | Noticed Josephine
 18283 | Orc:2    | Killed from afar by Josephine

Illustrated notes

Levels and vault maps discovered:
D:1:      nzn_arrival_depleted_hourglass, layout_basic, serial_forest,
          infiniplex_forest_split, infiniplex_forest_clump_medium,
          infiniplex_forest_straight_4, infiniplex_forest_lined_2,
          infiniplex_forest_end_2, infiniplex_forest_lined_room_3,
          infiniplex_forest_side_room
D:2:      layout_rooms, shapermc_ecumenical_altar_venn, nicolae_half_adder
D:3:      layout_basic, mainiacjoe_overflow_tiny_flanked,
          mainiacjoe_overflow_alcove_1
D:4:      layout_gridville, overflow_temple_1_default,
          minmay_misc_feat_four_crosses
D:5:      layout_cave_pods, nicolae_gozag_seed_capital,
          mainiacjoe_overflow_concentric_impassable, nicolae_eternal_life,
          minmay_misc_feat_encased, nicolae_shop_i_like_small_books_too,
          uniq_pikel
D:6:      layout_loops_ring, minmay_temple_entry_waves
D:7:      cheibrodos_two_vegetables, layout_cave_pools,
          nicolae_overflow_macrodata_refinement,
          hangedman_abyss_or_decor_stagger
D:8:      layout_cave_pods, mainiacjoe_overflow_small_starburst,
          hellmonk_lair_entry_icy, nicolae_specific_store, nrook_uturn,
          nicolae_zig_zag_zippers
D:9:      layout_gridville, mainiacjoe_overflow_surrounded_room,
          mainiacjoe_overflow_brackets, uniq_erolcha
D:10:     layout_cave_pods, kennysheep_mini, orc_0_dummy, uniq_maggie, uniq_urug
D:11:     layout_layer_cave, minmay_misc_feat_nine_boxes,
          pdpol_wu_jian_five_deadly_venoms
D:12:     layout_rooms, chequers_serial_rivers_small_b, uniq_rupert,
          uniq_jorgrun, uniq_maurice
Lair:1:   layout_cave_shapes, uniq_grum, uniq_jeremiah, uniq_nergalle
Lair:2:   nzn_winding_woodlands_medium [nzn_winding_woodlands_5x5_checkerboard,
          nzn_winding_woodlands_5x15_concentric,
          nzn_winding_woodlands_5x5_closed_star,
          nzn_winding_woodlands_5x5_cross,
          nzn_winding_woodlands_center_diamonds,
          nzn_winding_woodlands_5x5_perimeter, nzn_winding_woodlands_hourglass,
          nzn_winding_woodlands_5x15_garden, nzn_winding_woodlands_5x5_default],
          layout_chaotic_city, spider_nest_entry_funnel_web, uniq_fannar
Lair:3:   layout_chaotic_city, nicolae_swamp_entry_splash_gauntlet
Lair:4:   layout_layer_cave, slime_entry_1, kennysheep_catoblepas_arena,
          grunt_megastairs_3
Lair:5:   hangedman_lair_caniforms_friends, layout_cave_pods,
          guppyfry_lair_end_dragon, infiniplex_staircase_pool,
          grunt_megastairs_2
Orc:1:    layout_caves, guppyfry_library_mini
Orc:2:    grunt_orc_gardens, layout_caves, grunt_orc_garden, grunt_orc_garden,
          grunt_orc_garden, grunt_orc_garden, bh_open_orc_temple, uniq_josephine

Skill      XL: |  1  2  3  4  5  6  7  8  9 10 11 12 13 14 |
---------------+-------------------------------------------+-----
Axes           | 3 4 5 6 7 9 11 13 15 17 18 | 18.0
Fighting       | 4 5 6 8 9 10 11 12 13 14 | 14.9
Shields        | 4 6 7 10 12 14 16 | 16.9
Invocations    | 3 7 10 | 10.6
Armour         | 4 7 |  7.5

Action                     |  1- 3 |  4- 6 |  7- 9 | 10-12 | 13-15 || total
---------------------------+-------+-------+-------+-------+-------++-------
  Melee: War axe           |   129 |   173 |   235 |   211 |       ||   748
         Unarmed           |       |     5 |       |       |       ||     5
         Dagger            |       |       |    24 |       |       ||    24
         Broad axe         |       |       |       |   180 |   500 ||   680
  Throw: Dart              |       |       |     4 |     7 |       ||    11
         Throwing net      |       |       |       |     2 |       ||     2
 Invoke: Convert to Beogh  |       |     1 |       |       |       ||     1
         Recruit Apostle   |       |       |       |     3 |     1 ||     4
         Recall Apostles   |       |       |       |     1 |     7 ||     8
         Dismiss Apostle   |       |       |       |       |     1 ||     1
  Evoke: Wand              |       |       |       |     9 |       ||     9
    Use: Potion            |     1 |       |     1 |     2 |     1 ||     5
         Scroll            |       |     3 |     2 |     4 |     3 ||    12
   Stab: Distracted        |       |       |       |     6 |     8 ||    14
         Held in net/web   |       |       |       |     1 |       ||     1
 Armour: Scale mail        |    17 |       |       |       |       ||    17
         Chain mail        |    65 |   149 |   284 |    96 |       ||   594
         Plate armour      |       |       |       |   119 |       ||   119
         Swamp dragon scal |       |       |       |   103 |   252 ||   355
  Dodge: Dodged            |    34 |    65 |   117 |   138 |   162 ||   516
  Block: Buckler           |    23 |    33 |    57 |    47 |       ||   160
         Tower shield      |       |       |       |   147 |   483 ||   630

Table legend: (Time is in decaauts)
 A = Elapsed time spent in this place.
 B = Non-inter-level travel time spent in this place.
 C = Inter-level travel time spent in this place.
 D = Time resting spent in this place.
 E = Time spent auto-exploring this place.
 F = Levels seen in this place.
 G = Mean time per level.
                   A        B        C        D        E       F      G
               +--------+--------+--------+--------+--------+-----+--------+
         Total |  18257 |  17301 |    956 |   1080 |  13201 |  19 |  960.9 |
       Dungeon |  12148 |  11408 |    740 |    967 |   8498 |  12 | 1012.3 |
          Lair |   5929 |   5714 |    215 |    113 |   4620 |   5 | 1185.8 |
  Orcish Mines |    179 |    179 |      0 |      0 |     83 |   2 |   89.5 |
               +--------+--------+--------+--------+--------+-----+--------+

Top non-repeatable levels by time:
  Lair:5: 1850 daAuts
     D:7: 1392 daAuts
     D:5: 1309 daAuts
  Lair:4: 1303 daAuts
     D:8: 1223 daAuts
  Lair:2: 1181 daAuts
     D:1: 1175 daAuts
     D:9: 1167 daAuts
    D:12: 1078 daAuts
    D:10: 949 daAuts
  Lair:3: 882 daAuts
    D:11: 851 daAuts
     D:4: 833 daAuts
     D:6: 750 daAuts
     D:3: 731 daAuts
